 Dungeon Crawl Stone Soup version 0.24.0-1-gfbc8707122 (webtiles) character file.

Game seed: 5126846924944191545, levelgen mode: deterministic

276 Arum the Covered (level 6, 0/38 HPs)
             Began as a Tengu Fighter on Oct 28, 2019.
             Succumbed to a worker ant's poison
             ... on level 4 of the Dungeon.
             The game lasted 00:04:29 (4425 turns).

Arum the Covered (Tengu Fighter)                    Turns: 4425, Time: 00:04:29

Health: 0/38       AC:  7    Str: 21 (22) XL:     6   Next: 25%
Magic:  7/7        EV:  7    Int:  7 (8)  God:
Gold:   222        SH: 10    Dex: 13 (15) Spells: 5/5 levels left

rFire    . . .     SeeInvis .   a - +0 long sword
rCold    . . .     Gourm    .   c - +0 shield
rNeg     . . .     Faith    .   b - +0 scale mail
rPois    .         Spirit   .   (helmet restricted)
rElec    .         Reflect  .   (no cloak)
rCorr    .         Harm     .   (no gloves)
MR       .....                  (boots unavailable)
Stlth    ..........             (no amulet)
HPRegen  0.12/turn              (no ring)
MPRegen  0.10/turn              (no ring)

@: mighty, lethally poisoned (0 -> -16)
A: beak, talons 3, able to fly
a: Fly


You were on level 4 of the Dungeon.
You were hungry.

You visited 1 branch of the dungeon, and saw 4 of its levels.
You also visited: Sewer.

You collected 222 gold pieces.

Inventory:

Hand Weapons
 a - a +0 long sword (weapon)
Armour
 b - a +0 scale mail (worn)
 c - a +0 shield (worn)
Scrolls
 e - 7 scrolls of identify {unknown}
 h - a scroll of fog {unknown}
 i - a scroll of remove curse {unknown}
 k - a scroll of amnesia {unknown}
 l - 3 scrolls of teleportation {unknown}
 m - 2 scrolls of blinking {unknown}
 n - a scroll of immolation {unknown}
 o - 2 scrolls of fear {unknown}
Potions
 j - a potion of haste
 p - 2 potions of flight
 q - a potion of degeneration
 r - a potion of agility
Comestibles
 f - 3 rations
 g - a chunk of flesh


   Skills:
 + Level 4.2 Fighting
 + Level 4.0 Long Blades
 + Level 4.7 Armour
 + Level 4.1 Shields


You had 5 spell levels left.
You didn't know any spells.
Your spell library was empty.

Dungeon Overview and Level Annotations

Branches:
Dungeon (4/15)              Sewer (visited)
 Temple: D:4-7

Altars:


Innate Abilities, Weirdness & Mutations

You have a beak for a mouth.
You have claws for feet.
You can fly continuously.


Message History

You feel weakened.
You feel dopey.
You feel clumsy.
* * * LOW HITPOINT WARNING * * *
You feel sick.
Okay, then.
g - a chunk of flesh
* * * LOW HITPOINT WARNING * * *
You feel sick.
* * * LOW HITPOINT WARNING * * *
You feel sick.
There are no items here.
* * * LOW HITPOINT WARNING * * *
You feel sick.
You see here a scroll labeled DAEFOS LITEMED.
o - 2 scrolls labeled DAEFOS LITEMED (gained 1)
* * * LOW HITPOINT WARNING * * *
You feel sick.
Okay, then.
Okay, then.
You feel very mighty all of a sudden.
You die...

##.# .... #....
#######..#
.........
........#######.
......#.
#######.........
..... .
................
#######.###.....
#.#.......
#......?#
.######.@.....#
..............#
#....#รท##......
..##...........
.........#####.
#........#
#........#
#.......##
#.......#


There were no monsters in sight!

Vanquished Creatures
  A hound (D:4)
  An orc priest (D:4)
  A worker ant (D:4)
  Natasha (D:4)
  An orc wizard (D:4)
  3 adders
  3 oozes (Sewer)
  8 worms
  2 dart slugs
  4 leopard geckos
  5 orcs
  7 giant cockroaches
  4 goblins
  5 hobgoblins
  6 jackals
  7 kobolds
  A ball python (D:3)
  10 bats
  4 frilled lizards
  2 rats
76 creatures vanquished.

Notes
Turn   | Place    | Note
-------+----------+-------------------------------------------
     0 | D:1      | Arum the Tengu Fighter began the quest for the Orb.
     0 | D:1      | Reached XP level 1. HP: 14/14 MP: 2/2
   498 | D:1      | Reached XP level 2. HP: 15/19 MP: 3/3
  1032 | D:1      | You fall into a shaft and drop 1 floor!
  1234 | D:2      | Reached XP level 3. HP: 12/23 MP: 4/4
  2531 | D:3      | Found a glowing drain.
  2555 | D:3      | Reached XP level 4. HP: 23/28 MP: 5/5
  2591 | Sewer    | Entered a sewer
  2596 | Sewer    | HP: 1/28 [adder (2)]
  3456 | Sewer    | Gained mutation: You can fly continuously. [Tengu growth]
  3456 | Sewer    | Reached XP level 5. HP: 16/33 MP: 6/6
  4094 | D:4      | Noticed Natasha
  4113 | D:4      | Killed Natasha
  4407 | D:4      | Reached XP level 6. HP: 38/38 MP: 7/7
  4425 | D:4      | Succumbed to a worker ant's poison

Levels and vault maps discovered:
D:1:      scummos_arrival_gate, layout_basic
D:2:      layout_basic, first_ration
D:3:      layout_loops_corners, cheibrodos_sewer_entry_bend
D:4:      gammafunk_wand_slinger, layout_rooms, lemuel_temple_firewalk_b,
          chequers_avenue, uniq_natasha

Skill      XL: |  1  2  3  4  5  6 |
---------------+-------------------+-----
Armour         | 4 |  4.7
Long Blades    | 3 4 |  4.0
Fighting       | 4 |  4.2
Shields        | 4 |  4.1

Action                   |  1- 3 |  4- 6 || total
-------------------------+-------+-------++-------
Melee: Long sword        |    68 |   123 ||   191
       Kick              |    18 |    23 ||    41
       Peck              |     9 |    16 ||    25
  Use: Potion            |       |     6 ||     6
  Eat: Chunk             |     5 |     6 ||    11
Armor: Scale mail        |    25 |   128 ||   153
Dodge: Dodged            |    16 |    90 ||   106
Block: Shield            |    26 |    99 ||   125
       Rpst.: Long sword |     5 |    23 ||    28
